 Dungeon Crawl Stone Soup version 0.29-a0-338-g1ff7896281 (webtiles) character file.

Game seed: 9836072916917202238

18 greenreed the Vexing (level 2, -5/23 HPs)
             Began as a Gnoll Arcane Marksman on Apr 17, 2022.
             Slain by Natasha (7 damage)
             ... on level 2 of the Dungeon.
             The game lasted 00:00:55 (334 turns).

greenreed the Vexing (Gnoll Arcane Marksman)         Turns: 334, Time: 00:00:56

Health: -5/23      AC:  2    Str:  9    XL:     2   Next: 66%
Magic:  5/5        EV: 13    Int: 12    God:
Gold:   0          SH:  0    Dex: 12    Spells: 5/6 levels left

rFire   . . .      SeeInvis .   a - +0 hand crossbow
rCold   . . .      Faith    .   (no shield)
rNeg    . . .      Spirit   .   b - +0 robe
rPois   .          Reflect  .   (no helmet)
rElec   .          Harm     .   (no cloak)
rCorr   .          Rampage  .   (no gloves)
Will    .....                   (no boots)
Stlth   +.........              (no amulet)
HPRegen 0.07/turn               (no ring)
MPRegen 0.09/turn               (no ring)

@: slowed, very slow
A: fangs 1, strong nose, distributed training
a: no special abilities


You were on level 2 of the Dungeon.
You visited 1 branch of the dungeon, and saw 2 of its levels.

Inventory:

Hand Weapons
 a - a +0 hand crossbow (weapon)
Armour
 b - a +0 robe (worn)
Scrolls
 c - 2 scrolls of vulnerability
 e - a scroll of magic mapping {unknown}
Potions
 d - a potion of might {unknown}


   Skills:
 + Level 2.5 Fighting
 + Level 0.5 Short Blades
 + Level 0.5 Long Blades
 + Level 0.5 Axes
 + Level 0.5 Maces & Flails
 + Level 0.5 Polearms
 + Level 0.5 Staves
 + Level 0.5 Slings
 + Level 0.5 Bows
 + Level 4.5 Crossbows
 + Level 0.5 Throwing
 + Level 0.5 Armour
 + Level 4.5 Dodging
 + Level 0.5 Stealth
 + Level 0.5 Shields
 + Level 0.5 Unarmed Combat
 + Level 2.7 Spellcasting
 + Level 0.3 Conjurations
 + Level 5.3 Hexes
 + Level 0.3 Summonings
 + Level 0.3 Necromancy
 + Level 0.3 Translocations
 + Level 0.3 Transmutations
 + Level 0.3 Fire Magic
 + Level 0.3 Ice Magic
 + Level 0.3 Air Magic
 + Level 0.3 Earth Magic
 + Level 0.3 Poison Magic
 + Level 0.6 Invocations
 + Level 0.5 Evocations


You had 5 spell levels left.
You knew the following spells:

 Your Spells              Type           Power      Damage    Failure   Level
a - Slow                  Hex            56%        N/A       2%          1

Your spell library contained the following spells:

 Spells                   Type           Power      Damage    Failure   Level
 Inner Flame              Hex/Fire       8%         N/A       24%         3
 Portal Projectile        Hex/Tloc       16%        N/A       24%         3
 Cause Fear               Hex            7%         N/A       26%         4


Dungeon Overview and Level Annotations

Branches:
Dungeon (2/15)

Altars:

Annotations:
D:2 Natasha


Innate Abilities, Weirdness & Mutations

You have very sharp teeth.
Your uncanny sense of smell can sniff out nearby items.
Your experience applies equally to all skills.


Message History

No target in view!
Natasha is nearby!
You shoot a bolt. The bolt barely misses Natasha.
You shoot a bolt. The bolt barely misses Natasha.
Natasha casts a spell at you.
You feel yourself slow down.
You shoot a bolt. The bolt hits Natasha.
Natasha is lightly wounded.
Natasha closely misses you. x2
You shoot a bolt.
The bolt hits Natasha but does no damage.
Natasha is lightly wounded.
Natasha stares at you and mumbles some strange words.
The magic dart hits you! Natasha misses you.
You are too injured to fight recklessly!
Shoot: a) +0 hand crossbow
Press: ? - help, Q - select action, (/) - cycle Shift-Dir - straight line, f/p - Natasha
Aim: Natasha (lightly wounded, 55% to hit)
You shoot a bolt. The bolt barely misses Natasha.
Natasha closely misses you. Natasha claws you.
* * * LOW HITPOINT WARNING * * *
Shoot: a) +0 hand crossbow
Press: ? - help, Q - select action, (/) - cycle Shift-Dir - straight line, f/p - Natasha
Aim: Natasha (lightly wounded, 55% to hit)
You shoot a bolt. The bolt closely misses Natasha.
Natasha barely misses you. Natasha claws you.
* * * LOW HITPOINT WARNING * * *
Shoot: a) +0 hand crossbow
Press: ? - help, Q - select action, (/) - cycle Shift-Dir - straight line, f/p - Natasha
Aim: Natasha (55% to hit)
You shoot a bolt.
The bolt hits Natasha but does no damage.
Natasha casts a spell at you. You resist with significant effort.
Natasha barely misses you.
Shoot: a) +0 hand crossbow
Press: ? - help, Q - select action, (/) - cycle Shift-Dir - straight line, f/p - Natasha
Aim: Natasha (55% to hit)
You shoot a bolt. The bolt closely misses Natasha.
Natasha barely misses you. Natasha claws you!
You die...

### ## #.# .#
####.####### .#
#..........###.#
#..........#...# #
#..............##.#
#...........#.....#
.#
####'#...#...@)$#
.#
#.#.#)##.#h#.....#
.#
#.#.#.##.....#.#.)
.#
#[#.#.####†#.....
.# #.#.#.# #.....#
. (######.#.#.#
#.#.#.#
..........#.#
#.....#
......#.#.#.# #..
#.. #####.#.###


You could see Natasha.

Vanquished Creatures
  An adder (D:2)
  A ball python (D:1)
  A bat (D:1)
  2 goblins (D:2)
  A hobgoblin (D:2)
  2 kobolds
8 creatures vanquished.

Notes
Turn   | Place    | Note
-------+----------+-------------------------------------------
     0 | D:1      | greenreed the Gnoll Arcane Marksman began the quest for the
                  | Orb.
     0 | D:1      | Reached XP level 1. HP: 17/17 MP: 4/4
   203 | D:2      | Reached XP level 2. HP: 23/23 MP: 5/5
   321 | D:2      | Noticed Natasha
   334 | D:2      | Slain by Natasha

Illustrated notes

Levels and vault maps discovered:
D:1:      erik_arrival_orb_chamber, layout_rooms, basic_ecumenical_altar,
          st_stairs_4, feat_on_display
D:2:      minmay_door_path, layout_basic, roderic_roman_lattice,
          hangedman_decor_points, uniq_natasha

Action                   || total
-------------------------++-------
 Fire: Hand crossbow     ||    37
 Cast: Slow              ||     4
Armor: Robe              ||     2
Dodge: Dodged            ||    25

Table legend: (Time is in decaauts)
 A = Elapsed time spent in this place.
 B = Non-inter-level travel time spent in this place.
 C = Inter-level travel time spent in this place.
 D = Time resting spent in this place.
 E = Time spent auto-exploring this place.
 F = Levels seen in this place.
 G = Mean time per level.
                   A        B        C        D        E       F      G
               +--------+--------+--------+--------+--------+-----+--------+
         Total |    347 |    344 |      3 |      0 |    275 |   2 |  173.5 |
       Dungeon |    347 |    344 |      3 |      0 |    275 |   2 |  173.5 |
               +--------+--------+--------+--------+--------+-----+--------+

Top non-repeatable levels by time:
     D:2: 200 daAuts
     D:1: 146 daAuts
